 Dungeon Sprint DCSS version 0.30.1-11-g7821555f0a (webtiles) character file.

Game seed: 14406500219290369188

17354 Heoruswealwe the Minotaur Blade (level 12, -8/130 HPs)
             Began as a Minotaur Fighter on Nov 3, 2023.
             Was an Initiate of Gozag.
             Mangled by a sixfirhy (12 damage)
             ... summoned by an orc high priest
             ... in the Dungeon (Sprint IX: "|||||||||||||||||||||||||||||").
             The game lasted 00:11:18 (1277 turns).

Heoruswealwe the Minotaur Blade (Minotaur Fighter)  Turns: 1277, Time: 00:11:20

Health: -8/130     AC: 20    Str: 28    XL:     12   Next: 18%
Magic:  11/11      EV: 11    Int:  5    God:    Gozag
Gold:   7729       SH:  4    Dex: 11    Spells: 11/11 levels left

rFire   . . .        a - +10 zealot's sword {holy, Zealotry, *Rage rN+ EV+3}
rCold   . . .        d - +0 buckler
rNeg    + . .        c - +0 plate armour
rPois   .            (helmet restricted)
rElec   .            (no cloak)
rCorr   .            (no gloves)
SInv    .            e - +0 pair of boots
Will    .....        (no amulet) Stlth
                     k - +3 ring of strength
HPRegen 0.41/turn    (no ring)
MPRegen 0.12/turn

%: no teleportation, random rage (20%)
@: on berserk cooldown, slowed, very slow
A: horns 2, retaliatory headbutt
a: Renounce Religion, Potion Petition, Call Merchant, Bribe Branch


You were in the Dungeon.
You worshipped Gozag.
Gozag was greatly pleased with you.
You visited 1 branch You collected 7729 gold pieces.

Inventory:

Hand Weapons
 a - the +10 zealot's sword (weapon) {holy, Zealotry, *Rage rN+ EV+3}
   (You found it in the Dungeon)

   Zealotry:  Whenever the wielder enters a berserk rage, their allies are
   berserked alongside them.
   EV:        It affects your evasion (+3).
   rN:        It protects you from negative energy.
   *Rage:     It berserks you when you make melee attacks (+20% chance).
 r - a +3 scimitar of flaming
Armour
 c - a +0 plate armour (worn)
 d - a +0 buckler (worn)
 e - a +0 pair of boots (worn)
Jewellery
 k - a +3 ring of strength (left hand)
Wands
 j - a wand of acid (10)
Scrolls
 h - a scroll of blinking
 o - 6 scrolls of enchant armour
 p - 4 scrolls of enchant weapon
Potions
 b - 3 potions of might
 f - a potion of heal wounds
 g - a potion of haste
 i - a potion of berserk rage
 l - 5 potions of curing
 m - 3 potions of mutation
 q - 2 potions of ambrosia


   Skills:
 + Level 19.0 Fighting
 * Level 24.1 Long Blades
 - Level 9.3 Polearms
 + Level 19.0 Armour
 - Level 3.6 Shields


You had 11 spell levels left.
You didn't know any spells.
Your spell library was empty.

Dungeon Overview and Level Annotations

Branches:
Dungeon (1/1)

Altars:
Cheibriados
Dithmenos
Elyvilon
Fedhas
Gozag
Hepliaklqana
Kikubaaqudgha
Makhleb
Nemelex Xobeh
Okawaru
Qazlal
Ru
Sif Muna
Trog
Uskayaw
Vehumet
Wu Jian
Xom
Yredelemnul
Zin
The Shining One
Jiyva
Lugonu

Shops:
D *(


Innate Abilities, Weirdness & Mutations

You have a pair of horns on your head.
You reflexively headbutt those who attack you in melee.


Message History

You slash the orc high priest!
The orc high priest is moderately wounded.
The orc high priest closely misses you. You block the orc high priest's attack.
You slice the orc high priest!!
The orc high priest is severely wounded.
You miss the orc high priest.
Your headbutt misses the orc high priest.
The orc high priest is severely wounded.
The orc high priest is distracted by your dazzling golden aura.
The orc high priest hits you from afar with a +0 glaive!
* * * LOW HITPOINT WARNING * * *
The orc high priest shouts!
You slash the orc high priest!
The orc high priest is no longer distracted by gold.
You headbutt the orc high priest.
The orc high priest is almost dead.
The orc high priest barely misses you. You furiously retaliate!
You headbutt the orc high priest.
You kill the orc high priest!
The orc high priest intones a terrible prayer.
The orc high priest mumbles some strange prayers to Beogh.
Your Fighting skill increases to level 19!
Your Long Blades skill increases to level 24!
Your Armour skill increases to level 19!
You slash the sixfirhy!
The sixfirhy convulses!
The sixfirhy is heavily wounded.
You block the orc high priest's attack.
You barely miss the sixfirhy.
The sixfirhy is heavily wounded.
The sixfirhy hits you but does no damage.
The sixfirhy hits you.
* * * LOW HITPOINT WARNING * * *
The sixfirhy shocks you!
* * * LOW HITPOINT WARNING * * *
The orc high priest hits you but does no damage.
The sixfirhy hits you!
* * * LOW HITPOINT WARNING * * *
The sixfirhy shocks you!
You die...
Your body crumbles into a pile of gold.

▓.▓.▓.▓.▓$*,*,*,*,*,*,*,*,
▓.▓.▓.▓.▓∩▓,*,*,*,*,*,*,*,
▓[▓.▓.▓.▓.▓,*,*,*,*,*,*,*,
▓=▓.▓.▓.▓∩▓,*,*,*,*,*,*,*,
▓[▓.▓.▓.▓4▓,*,*,*+*,*,*,*,
▓)▓.▓.▓.▓3▓,*,*,*,*,*,*,*,
▓?▓.▓.▓.▓o▓,*,*,*,*,*,*,*,
▓!▓.▓.▓.▓3▓,*+*,*,*,*,*,*,
▓'▓.▓'▓.▓@▓,*,*,*,*,*,*,*,
▓_▓.▓.▓.▓$▓,*,*,*,*,*,*,*,
▓_▓.▓.▓.▓.▓,*,*,*,*,*,*,*,
▓_▓.▓.▓.▓.▓,*,*,*,*,*,*,*,
▓_▓.▓.▓.▓.▓,*,*,*,*,*,*,*,
▓_▓.▓.▓.▓)▓,*,*,*,*,*+*,*,
▓_▓.▓.▓.▓)▓,*,*,*+*,*,*,*,
▓_▓.▓.▓.▓)▓,*,*,*,*,*,*,*,
▓_▓.▓.▓.▓)▓,*,*,*,*,*,*,*,


You could see a soul eater (summoned), an orc high priest (strong), an orange
demon (summoned) and a sixfirhy (summoned).

Vanquished Creatures
  A dire elephant (D)
  A catoblepas (D)
  A centaur warrior (D)
  Erica (D)
  2 two-headed ogres (D)
  3 orc high priests (D)
  A skyshark (D)
  6 orc knights (D)
  An ugly thing (D)
  An orc sorcerer (D)
  2 cyclopes (D)
  8 elephants (D)
  A gargoyle (D)
  2 cane toads (D)
  3 komodo dragons (D)
  A rime drake (D)
  3 polar bears (D)
  A dream sheep (D)
  2 yaks (D)
  A basilisk (D)
  3 water moccasins (D)
  7 orc warriors (D)
  A black bear (D)
  A kobold brigand (D)
  A bullfrog (D)
  A hound (D)
  4 orc priests (D)
  An iguana (D)
  7 orc wizards (D)
  A white imp (D)
  2 dart slugs (D)
  7 orcs (D)
  2 ball pythons (D)
  A bat (D)
  A hobgoblin (D)
82 creatures vanquished.

Notes
Turn   | Place    | Note
-------+----------+-------------------------------------------
     0 | D        | Heoruswealwe the Minotaur Fighter began the quest for the
                  | Orb.
     0 | D        | Reached XP level 1. HP: 19/19 MP: 0/0
    28 | D        | Noticed a hound
    28 | D        | Noticed an iguana
    28 | D        | Noticed a black bear
    31 | D        | Found a snail-covered altar of Cheibriados.
    31 | D        | Found a shadowy altar of Dithmenos.
    31 | D        | Found a white marble altar of Elyvilon.
    31 | D        | Found a blossoming altar of Fedhas.
    31 | D        | Found an opulent altar of Gozag.
    32 | D        | Found a hazy altar of Hepliaklqana.
    33 | D        | Found a viscous altar of Jiyva.
    34 | D        | Found an ancient bone altar of Kikubaaqudgha.
    35 | D        | Found a corrupted altar of Lugonu.
    36 | D        | Found a burning altar of Makhleb.
    37 | D        | Found a sparkling altar of Nemelex Xobeh.
    38 | D        | Found an iron altar of Okawaru.
    40 | D        | Became a worshipper of Gozag Ym Sagoz the Greedy
    50 | D        | Reached XP level 2. HP: 20/28 MP: 1/1
    53 | D        | Reached skill level 5 in Fighting
    53 | D        | Reached skill level 5 in Armour
    53 | D        | Reached XP level 3. HP: 27/36 MP: 2/2
    57 | D        | Reached XP level 4. HP: 28/44 MP: 3/3
    61 | D        | Killed a black bear
    62 | D        | Reached XP level 5. HP: 28/52 MP: 4/4
    66 | D        | Found a stormy altar of Qazlal.
    67 | D        | Found a sacrificial altar of Ru.
    68 | D        | Found a shimmering blue altar of Sif Muna.
    69 | D        | Found a bloodstained altar of Trog.
    70 | D        | Found a hide-covered altar of Uskayaw.
    71 | D        | Found a radiant altar of Vehumet.
    72 | D        | Found an ornate altar of the Wu Jian Council.
    73 | D        | Found a shimmering altar of Xom.
    74 | D        | Found a basalt altar of Yredelemnul.
    75 | D        | Found a glowing silver altar of Zin.
    76 | D        | Found a glowing golden altar of the Shining One.
    84 | D        | Found the +10 zealot's sword {holy, Zealotry, *Rage rN+
                  | EV+3}
   146 | D        | Noticed a two-headed ogre
   146 | D        | Noticed a two-headed ogre
   146 | D        | Noticed a yak
   155 | D        | Reached skill level 4 in Long Blades
   157 | D        | Killed a yak
   158 | D        | Reached skill level 7 in Long Blades
   158 | D        | Reached XP level 6. HP: 63/63 MP: 5/5
   162 | D        | Killed a two-headed ogre
   163 | D        | Reached skill level 11 in Long Blades
   163 | D        | Reached XP level 7. HP: 74/74 MP: 6/6
   166 | D        | Killed a two-headed ogre
   167 | D        | Reached skill level 13 in Long Blades
   167 | D        | Reached XP level 8. HP: 83/83 MP: 7/7
   234 | D        | Noticed a catoblepas
   234 | D        | Noticed a centaur warrior
   234 | D        | Noticed a cyclops
   234 | D        | Noticed a gargoyle
   234 | D        | Noticed a cyclops
   234 | D        | Noticed a green ugly thing
   239 | D        | Killed a green ugly thing
   240 | D        | Reached skill level 14 in Long Blades
   240 | D        | Reached XP level 9. HP: 90/92 MP: 8/8
   245 | D        | Killed a cyclops
   246 | D        | Reached skill level 15 in Long Blades
   251 | D        | Killed a gargoyle
   257 | D        | Killed a cyclops
   258 | D        | Reached skill level 16 in Long Blades
   262 | D        | Killed a centaur warrior
   263 | D        | Reached skill level 17 in Long Blades
   268 | D        | Killed a catoblepas
   269 | D        | Reached XP level 10. HP: 104/104 MP: 9/9
   428 | D        | Noticed a cane toad
   435 | D        | Reached skill level 18 in Long Blades
   436 | D        | Noticed a skyshark
   445 | D        | Reached skill level 15 in Armour
   447 | D        | Killed a cane toad
   448 | D        | Reached skill level 15 in Fighting
   455 | D        | Killed a skyshark
   458 | D        | Reached skill level 19 in Long Blades
   567 | D        | Noticed an elephant
   567 | D        | Noticed a cane toad
   576 | D        | Killed a cane toad
   589 | D        | Killed an elephant
   590 | D        | Reached skill level 20 in Long Blades
   592 | D        | Reached XP level 11. HP: 99/114 MP: 10/10
   684 | D        | Noticed a dire elephant
   698 | D        | Reached skill level 21 in Long Blades
   712 | D        | Killed a dire elephant
   847 | D        | Noticed Erica
   854 | D        | Killed Erica
   855 | D        | Reached skill level 22 in Long Blades
  1045 | D        | Noticed an orc sorcerer
  1045 | D        | Noticed an orc knight
  1051 | D        | Killed an orc knight
  1058 | D        | Killed an orc sorcerer
  1224 | D        | Found Gahexiec's Antique Weapon Boutique.
  1224 | D        | Noticed an orc high priest
  1224 | D        | Noticed an orc knight
  1224 | D        | Noticed an orc knight
  1224 | D        | Noticed an orc knight
  1224 | D        | Noticed an orc knight
  1226 | D        | Noticed an orc knight
  1229 | D        | Killed an orc knight
  1230 | D        | Reached skill level 23 in Long Blades
  1234 | D        | Killed an orc knight
  1235 | D        | Noticed an orc high priest
  1243 | D        | Killed an orc knight
  1252 | D        | Killed an orc knight
  1253 | D        | Found Buurouts's General Store.
  1253 | D        | Noticed an orc high priest
  1254 | D        | Noticed an orc high priest
  1258 | D        | Killed an orc high priest
  1259 | D        | Reached XP level 12. HP: 47/128 MP: 11/11
  1270 | D        | Killed an orc high priest
  1275 | D        | Killed an orc high priest
  1276 | D        | Reached skill level 24 in Long Blades
  1277 | D        | HP: 4/130 [sixfirhy[an orc high priest] (9)]
  1277 | D        | Mangled by a sixfirhy

Illustrated notes

Levels and vault maps discovered:
D:        linesprint [early_d, line_temple, items_1, d_10, items_2, lair_1,
          lair_end, items_3, orc_1, orc_end, items_4, d_15, swamp_1, shoals_1,
          snake_1, spider_1, d_20, vaults_1, items_5, swamp_end, shoals_end,
          snake_end, spider_end, vaults_end, d_27, items_6, zot_1, zot_end,
          crypt_end, forest_end, elf_end, slime_end, tomb_end, abyss_end,
          pan_hell_end]

Skill      XL: |  1  2  3  4  5  6  7  8  9 10 11 12 |
---------------+-------------------------------------+-----
Polearms       | 4 6 7 9 |  9.3
Fighting       | 4 5 7 9 11 12 14 16 18 19 | 19.0
Armour         | 4 5 7 9 11 12 14 16 18 19 | 19.0
Long Blades    | 7 11 13 14 17 20 23 24 | 24.1
Shields        | |  3.6

Action                     |  1- 3 |  4- 6 |  7- 9 | 10-12 || total
---------------------------+-------+-------+-------+-------++-------
  Melee: Trident           |    23 |     5 |       |       ||    28
         Headbutt          |     2 |     3 |    11 |    48 ||    64
         Eudemon blade     |       |    15 |    36 |   204 ||   255
    Use: Scroll            |     1 |       |       |     2 ||     3
         Potion            |     1 |       |       |     3 ||     4
   Stab: Distracted        |       |     1 |     1 |     4 ||     6
 Armour: Scale mail        |    13 |     1 |       |       ||    14
         Chain mail        |       |     3 |     4 |    39 ||    46
         Plate armour      |       |       |       |    10 ||    10
  Dodge: Dodged            |    10 |     3 |     7 |    56 ||    76
  Block: Buckler           |     3 |     1 |     1 |    22 ||    27
